 Dungeon Crawl Stone Soup version 0.30-a0-225-g04c3547f4f (webtiles) character file.

Game seed: 10427457264518765236

189737 qw the Peltast (level 18, -1/119 HPs)
             Began as a Gargoyle Fighter on Oct 9, 2022.
             Was the Champion of Okawaru.
             Slain by the 26-headed Lernaean hydra (3 damage)
             ... on level 4 of the Swamp.
             The game lasted 00:16:10 (31282 turns).

qw the Peltast (Gargoyle Fighter)                  Turns: 31282, Time: 00:16:10

Health: -1/119     AC: 53    Str: 32    XL:     18   Next: 59%
Magic:  23/25      EV: 16    Int:  9    God:    Okawaru [******]
Gold:   1030       SH: 23    Dex: 14    Spells: 17/17 levels left

rFire   + + +      SeeInvis .    x - +5 broad axe "Kusy Man" {spect, rF+ Dex+5 Stlth+}
rCold   + . .      Faith    .    t - +0 tower shield
rNeg    + . .      Spirit   .    r - +9 plate armour of Rotzi {rC+ Str+4 Dex+3 Stlth+}
rPois   inf        Reflect  .    F - +4 hat of the Hairy God {rF+}
rElec   +          Harm     .    o - scarf {repulsion}
rCorr   .          Rampage  .    i - +1 pair of gloves {Stlth+}
Will    ++...                    f - +0 pair of boots of Saxtys {rF+ rC+ Will+ Dex-3}
Stlth   ++........               (no amulet)
HPRegen 0.39/turn                g - +4 ring of evasion
MPRegen 0.19/turn                q - +4 ring of protection

@: about to teleport, heroic, flying, repel missiles
A: sickness immunity, AC +13, big wings, negative energy resistance 1,
electricity resistance, torment resistance 1, petrification resistance, cold
vulnerability 1, MP-powered wands
a: Renounce Religion, Heroism, Finesse, Duel


You were on level 4 of the Swamp.
You worshipped Okawaru.
Okawaru was exalted by your worship.
You visited 6 branches of the dungeon, and saw 30 of its levels.
You visited the Abyss 1 time.
You also visited: Sewer and Gauntlet.

You collected 2954 gold pieces.
You spent 1924 gold pieces at shops.


Innate Abilities, Weirdness & Mutations

You are immune to sickness and miasma.
Your stone body is resilient. (AC +13)
You are immune to poison.
Your large and strong wings let you fly.
You resist negative energy. (rN+)
You are resistant to electric shocks. (rElec)
You are resistant to unholy torment.
You are immune to petrification.
You are vulnerable to cold. (rC-)
You expend magic power (3 MP) to strengthen your wands.


   Skills:
 - Level 15.0(20.0) Fighting
 - Level 18.0(23.0) Axes
 - Level 7.0(12.0) Throwing
 + Level 12.6(17.6) Armour
 - Level 5.0(10.0) Dodging
 - Level 18.3(23.3) Shields
 - Level 10.0 Invocations


You had 17 spell levels left.
You didn't know any spells.
Your spell library was empty.

Inventory:

Hand Weapons
 x - the +5 broad axe "Kusy Man" (weapon) {spect, rF+ Dex+5 Stlth+}
   (Okawaru gifted it to you on level 4 of the Lair of Beasts)

   When its wielder attacks, the weapon's spirit leaps out and strikes again.
   The spirit shares a part of any damage it takes with its wielder.
   Dex:       It affects your dexterity (+5).
   rF:        It protects you from fire.
   Stlth:     It makes you more stealthy.
Missiles
 j - 14 boomerangs
 D - 7 javelins (quivered)
 J - a silver boomerang
Armour
 f - the +0 pair of boots of Saxtys (worn) {rF+ rC+ Will+ Dex-3}
   (You acquired it on level 2 of the Dungeon)

   Dex:       It affects your dexterity (-3).
   rF:        It protects you from fire.
   rC:        It protects you from cold.
   Will:      It increases your willpower.
 i - a +1 pair of gloves of stealth (worn)
 o - a scarf of repulsion (worn)
 r - the +9 plate armour of Rotzi (worn) {rC+ Str+4 Dex+3 Stlth+}
   (You found it on level 3 of the Snake Pit)

   Str:       It affects your strength (+4).
   Dex:       It affects your dexterity (+3).
   rC:        It protects you from cold.
   Stlth:     It makes you more stealthy.
 t - a +0 tower shield (worn)
 w - +0 acid dragon scales
 A - a +1 cloak of preservation
 F - the +4 hat of the Hairy God (worn) {rF+}
   (Okawaru gifted it to you on level 14 of the Dungeon)

   rF:        It protects you from fire.
 H - a +0 pair of boots
Jewellery
 g - a +4 ring of evasion (left hand)
 n - a ring of resist corrosion
 q - a +4 ring of protection (right hand)
 s - a ring of protection from fire
 u - a ring of protection from fire
 y - a ring of resist corrosion
Scrolls
 a - 12 scrolls of teleportation
 b - 5 scrolls of identify
 C - 2 scrolls of enchant weapon
Potions
 c - 3 potions of resistance
 d - 9 potions of might
 e - 8 potions of heal wounds
 k - 22 potions of curing
 m - 3 potions of haste
 p - 8 potions of lignification
 v - 4 potions of magic
 z - 5 potions of attraction
 B - 4 potions of mutation
 G - 3 potions of cancellation

Dungeon Overview and Level Annotations

Branches:
Dungeon (15/15)            Temple (1/1) D:6            Lair (5/5) D:8
  Swamp (4/4) Lair:3        Snake (3/4) Lair:2        Slime (0/5) Lair:4
    Orc (2/2) D:10            Elf (0/3) Orc:2        Vaults (0/5) D:14
 Depths (0/4) D:15          Sewer (visited)         Gauntlet (visited)

Altars:
Cheibriados
Dithmenos
Fedhas
Gozag
Hepliaklqana
Kikubaaqudgha
Makhleb
Nemelex Xobeh
Okawaru
Qazlal
Ru
Sif Muna
Trog
Uskayaw
Vehumet
Wu Jian
Xom
Yredelemnul
Zin
The Shining One
Jiyva

Shops:
D:3 !   Orc:2 [!![[   Snake:1 [*   Snake:2 (

Portals:
Abyss: Lair:3

Annotations:
D:9 1 transporter
D:10 2 runed translucent doors
Lair:3 2 transporters, qw's ghost, journeyman GrFi
Lair:5 1 runed translucent door, qw's ghost, journeyman GrFi
Swamp:4 Lernaean hydra
Orc:2 3 runed translucent doors, qw's ghost, adept GrFi


Message History

The 26-headed Lernaean hydra bites you.
The 26-headed Lernaean hydra bites you but does no damage. x3
The 26-headed Lernaean hydra completely misses you.
The 26-headed Lernaean hydra barely misses you.
You block the 26-headed Lernaean hydra's attack.
The 26-headed Lernaean hydra bites you but does no damage.
The 26-headed Lernaean hydra closely misses you. x2
The 26-headed Lernaean hydra bites you but does no damage. x2
The 26-headed Lernaean hydra closely misses you.
The 26-headed Lernaean hydra barely misses you.
The 26-headed Lernaean hydra bites you. The 26-headed Lernaean hydra bites you!
The 26-headed Lernaean hydra bites you but does no damage. x4
A swamp dragon comes into view.
31282 ||| READING 13 scrolls of teleportation.
As you read the scroll of teleportation, it crumbles to dust.
You feel strangely unstable.
An alligator comes into view.
Something bites the seven-headed hydra!!
You block the 26-headed Lernaean hydra's attack.
The 26-headed Lernaean hydra bites you but does no damage.
You block the 26-headed Lernaean hydra's attack.
The 26-headed Lernaean hydra bites you but does no damage.
You block the 26-headed Lernaean hydra's attack.
The 26-headed Lernaean hydra bites you but does no damage. x2
The 26-headed Lernaean hydra closely misses you.
The 26-headed Lernaean hydra bites you.
The 26-headed Lernaean hydra bites you but does no damage.
You block the 26-headed Lernaean hydra's attack.
The 26-headed Lernaean hydra bites you but does no damage. x2
The 26-headed Lernaean hydra bites you.
You block the 26-headed Lernaean hydra's attack. x2
The 26-headed Lernaean hydra bites you but does no damage.
The 26-headed Lernaean hydra bites you. x2
The 26-headed Lernaean hydra bites you!
The 26-headed Lernaean hydra bites you but does no damage.
The 26-headed Lernaean hydra barely misses you.
The 26-headed Lernaean hydra misses you.
The 26-headed Lernaean hydra bites you but does no damage.
The 26-headed Lernaean hydra bites you.
You die...

~ .. ..
D¤ ~ ###
.#~.~
#D#D~.~D#
#@¤#
##DD.~D.~
D.k~...
:~~~¤.#
#.#~D.~
~#.~.t ~#
~.~ D# .#


You could see the 26-headed Lernaean hydra, an alligator, 2 eight-headed hydras,
a seven-headed hydra, a five-headed hydra, a four-headed hydra, 4 swamp dragons
and a swamp drake (catching breath).

Vanquished Creatures
  Vashnia (Snake:2)
  Jorgrun (D:15)
  Rupert (D:14)
  A tentacled monstrosity (Swamp:3)
  2 tentacled starspawn (Abyss:1)
  3 nagarajas (Snake:2)
  2 fenstrider witches
  Aizul (Snake:1)
  A cacodemon (Abyss:1)
  Louise (D:14)
  A quicksilver ooze (Lair:5)
  2 very ugly things (D:15)
  3 eleionomae
  2 dire elephants (Lair:5)
  3 bunyips
  A minotaur (Gauntlet)
  2 shambling mangroves (Swamp:4)
  A great orb of eyes (Abyss:1)
  An entropy weaver (shapeshifter) (D:15)
  3 salamander tyrants (Snake:2)
  An ice dragon (shapeshifter) (D:15)
  A vault guard (D:14)
  A catoblepas (D:13)
  A rakshasa (D:15)
  4 ghost crabs
  12 hydras
  7 alligators
  14 anacondas
  5 centaur warriors
  4 boulder beetles
  3 spriggan berserkers (Swamp:3)
  A tengu warrior (D:13)
  6 naga warriors
  9 death yaks
  4 two-headed ogres
  19 naga sharpshooters
  4 orc high priests (Orc:2)
  Sonja (Lair:5)
  3 salamander mystics
  6 spriggans
  2 shock serpents
  A spectral death yak (Lair:5)
  2 spriggan druids
  5 goliath frogs
  A sixfirhy (Abyss:1)
  An obsidian statue (Lair:5)
  A glowing orange brain (D:15)
  A spectral anaconda (Lair:5)
  5 bog bodies
  4 swamp dragons
  5 naga ritualists
  4 necromancers
  11 mana vipers
  6 orc knights
  11 ugly things
  4 orc sorcerers
  5 cyclopes
  4 manticores
  2 will-o-the-wisps
  14 salamanders
  18 elephants
  34 black mambas
  A rust devil (Abyss:1)
  3 guardian serpents
  2 dire elephant zombies (Lair:5)
  19 naga magi
  A guardian serpent (shapeshifter) (D:13)
  2 orange demons (Abyss:1)
  14 cane toads
  2 unseen horrors
  A freezing wraith (D:15)
  3 rime drakes
  5 komodo dragons
  An efreet (D:15)
  2 tengu conjurers (D:14)
  A yaktaur (D:15)
  A queen bee (D:13)
  6 trolls
  An ancient zyme (Abyss:1)
  2 queen bees (shapeshifter)
  3 polar bears
  6 hornets
  A troll (shapeshifter) (D:14)
  6 meliai
  Grinder (D:3)
  A wind drake (shapeshifter) (D:15)
  4 tyrant leeches
  34 blink frogs
  18 slime creatures
  An air elemental (Abyss:1)
  A shadow (D:10)
  3 wyverns
  A ynoxinul (Abyss:1)
  28 yaks
  2 vampires
  2 wraiths
  2 steam dragons
  3 basilisks
  Menkaure (D:7)
  27 vampire mosquitoes
  A death yak simulacrum (Lair:5)
  13 swamp worms
  2 large abominations (Abyss:1)
  2 neqoxecs (Abyss:1)
  5 wargs
  An acid dragon (D:12)
  24 nagas
  10 water moccasins
  2 ice beasts (D:6)
  Pargi (Sewer)
  3 swamp drakes (Swamp:4)
  23 orc warriors
  2 black bears
  4 ogres
  An elephant zombie (Lair:5)
  10 wolves
  13 centaurs
  5 phantoms
  3 elephant skeletons (Lair:5)
  2 kobold brigands
  8 bullfrogs
  2 gnoll sergeants
  2 scorpions
  3 cane toad simulacra (Lair:5)
  2 small abominations (Abyss:1)
  12 wights
  A troll zombie (D:10)
  An elephant simulacrum (Lair:5)
  33 killer bees
  2 electric eels
  8 howler monkeys
  4 jellies (Lair:5)
  A quasit (Abyss:1)
  2 hounds
  16 orc priests
  19 orc wizards
  A wolf simulacrum (Lair:1)
  7 ogre zombies (D:10)
  10 gnolls
  7 adders
  A river rat (D:5)
  3 white imps
  2 ufetubi
  3 worms
  3 dart slugs (D:1)
  80 orcs
  11 ball pythons
  7 endoplasms
  5 giant cockroaches
  8 goblins
  8 hobgoblins
  3 jackals (D:3)
  4 quokkas
  10 bats
  6 frilled lizards
  A goblin zombie (D:10)
  2 hobgoblin skeletons (D:10)
  2 hobgoblin zombies (D:10)
  17 kobolds
  An orc skeleton (D:10)
  19 orc zombies (D:10)
  7 rats
  2 withered plants (Lair:5)
965 creatures vanquished.

Vanquished Creatures (others)
  A black mamba (Snake:3)
  A spriggan (Swamp:3)
  28 fungi
  28 plants
  2 starspawn tentacles (Abyss:1)
  22 withered plants (Lair:5)
82 creatures vanquished.

Grand Total: 1047 creatures vanquished

Notes
Turn   | Place    | Note
-------+----------+-------------------------------------------
     0 | D:1      | qw the Gargoyle Fighter began the quest for the Orb.
     0 | D:1      | Reached XP level 1. HP: 14/14 MP: 1/1
     0 | D:1      | 0 ||| qw: Version: 0.2-a-17-g06abaee
     0 | D:1      | 0 ||| qw: Game counter: 2300
     0 | D:1      | 0 ||| qw: Always use a shield: true
     0 | D:1      | 0 ||| qw: God list: Okawaru
     0 | D:1      | 0 ||| qw: Allow faded altars: false
     0 | D:1      | 0 ||| qw: Do Orc after D:15 true
     0 | D:1      | 0 ||| qw: Do second Lair branch before Depths: true
     0 | D:1      | 0 ||| qw: Lair rune preference: random
     0 | D:1      | 0 ||| qw: Plans: Normal, Zot:1-4, God:TSO, Crypt, Tomb,
                  | Pan, Slime:5, Hells, Abyss, Orb
     0 | D:1      | 0 ||| PLANNING D:1-11
   116 | D:1      | Reached XP level 2. HP: 16/19 MP: 2/2
   329 | D:1      | 329 ||| Stepping ~*~*~tactically~*~*~ (hiding).
   357 | D:1      | 357 ||| DROPPING +0 club.
   383 | D:1      | Reached skill level 3 in Axes
   469 | D:1      | Reached XP level 3. HP: 21/23 MP: 3/3
   628 | D:1      | 628 ||| Stepping ~*~*~tactically~*~*~ (stealth).
   747 | D:1      | 747 ||| UPGRADING to +0 chain mail.
   757 | D:1      | 757 ||| DROPPING +0 scale mail.
   758 | D:1      | 758 ||| DROPPING +6 ring of intelligence.
   759 | D:1      | 759 ||| READING 2 scrolls labelled PYOGRI NAAPTUY.
   762 | D:1      | 762 ||| READING scroll labelled FEICOTEFUY.
   763 | D:1      | 763 ||| READING scroll labelled TIYM NIER QEGUNI.
   764 | D:1      | 764 ||| READING scroll labelled QUMEDAMAFFAFAI.
   765 | D:1      | 765 ||| DRINKING 2 silvery potions.
   766 | D:1      | 766 ||| DROPPING potion of magic.
   782 | D:2      | 782 ||| STAIRDANCE
   878 | D:2      | Found a faded altar of an unknown god.
  1085 | D:2      | Reached XP level 4. HP: 22/28 MP: 4/4
  1108 | D:2      | Found a glowing silver altar of Zin.
  1265 | D:2      | 1265 ||| Stepping ~*~*~tactically~*~*~ (stealth).
  1548 | D:2      | 1548 ||| UPGRADING to +0 plate armour.
  1558 | D:2      | 1558 ||| DROPPING +0 chain mail.
  1559 | D:2      | 1559 ||| READING scroll labelled BOURRA YMPOPT.
  1559 | D:2      | Identified a scroll of acquirement
  1559 | D:2      | 1559 ||| ACQUIRING +0 pair of boots of Saxtys {rF+ rC+
                  | Will+ Dex-3}
  1559 | D:2      | Acquired the +0 pair of boots of Saxtys {rF+ rC+ Will+
                  | Dex-3}
  1561 | D:2      | 1561 ||| UPGRADING to +0 pair of boots of Saxtys {rF+ rC+
                  | Will+ Dex-3}.
  1566 | D:2      | 1566 ||| READING scroll labelled POHATUYTAD.
  1567 | D:2      | 1567 ||| DRINKING 2 emerald potions.
  1568 | D:2      | 1568 ||| DRINKING 2 black potions.
  1569 | D:2      | 1569 ||| READING 2 scrolls of identify.
  1569 | D:2      | 1569 ||| IDENTIFYING viscous emerald potion
  1570 | D:2      | 1570 ||| DROPPING potion of brilliance.
  1854 | D:3      | Noticed Grinder
  1865 | D:3      | 1865 ||| FLEEEEING.
  1866 | D:3      | 1866 ||| FLEEEEING.
  1867 | D:3      | 1867 ||| FLEEEEING.
  1868 | D:3      | 1868 ||| FLEEEEING.
  1869 | D:3      | 1869 ||| FLEEEEING.
  1871 | D:3      | 1871 ||| Stepping ~*~*~tactically~*~*~ (hiding).
  1873 | D:3      | 1873 ||| Stepping ~*~*~tactically~*~*~ (hiding).
  1874 | D:3      | 1874 ||| Stepping ~*~*~tactically~*~*~ (hiding).
  1892 | D:3      | 1892 ||| FLEEEEING.
  1893 | D:3      | 1893 ||| FLEEEEING.
  1894 | D:3      | 1894 ||| FLEEEEING.
  1895 | D:3      | 1895 ||| FLEEEEING.
  1903 | D:3      | Killed Grinder
  1904 | D:3      | Reached skill level 6 in Axes
  1904 | D:3      | Reached XP level 5. HP: 21/32 MP: 5/5
  1904 | D:3      | Reached XP level 6. HP: 25/37 MP: 6/6
  2014 | D:3      | 2014 ||| Stepping ~*~*~tactically~*~*~ (stealth).
  2017 | D:3      | 2017 ||| Stepping ~*~*~tactically~*~*~ (stealth).
  2023 | D:3      | 2023 ||| Stepping ~*~*~tactically~*~*~ (stealth).
  2041 | D:3      | 2041 ||| READING scroll of acquirement.
  2041 | D:3      | 2041 ||| ACQUIRING +3 vampiric war axe
  2041 | D:3      | Acquired a +3 vampiric war axe
  2043 | D:3      | 2043 ||| SWAPPING to +3 vampiric war axe.
  2044 | D:3      | 2044 ||| DROPPING +0 war axe.
  2051 | D:3      | 2051 ||| Stepping ~*~*~tactically~*~*~ (stealth).
  2052 | D:3      | 2052 ||| Stepping ~*~*~tactically~*~*~ (stealth).
  2147 | D:3      | Found a hide-covered altar of Uskayaw.
  2150 | D:3      | Found an ornate altar of the Wu Jian Council.
  2153 | D:3      | Found an opulent altar of Gozag.
  2257 | D:3      | 2257 ||| READING scroll of acquirement.
  2257 | D:3      | 2257 ||| ACQUIRING scarf of repulsion
  2257 | D:3      | Acquired a scarf of repulsion
  2259 | D:3      | 2259 ||| UPGRADING to scarf of repulsion.
  2265 | D:3      | 2265 ||| Stepping ~*~*~tactically~*~*~ (stealth).
  2408 | D:3      | Found Nohip's Distillery.
  2415 | D:3      | 2415 ||| BUYING 2 potions of curing (72 gold).
  2415 | D:3      | Bought 2 potions of curing for 72 gold pieces
  2415 | D:3      | 2415 ||| BUYING 2 potions of lignification (72 gold).
  2415 | D:3      | Bought 2 potions of lignification for 72 gold pieces
  2415 | D:3      | 2415 ||| BUYING potion of curing (36 gold).
  2415 | D:3      | Bought a potion of curing for 36 gold pieces
  2415 | D:3      | 2415 ||| BUYING potion of curing (36 gold).
  2415 | D:3      | Bought a potion of curing for 36 gold pieces
  2415 | D:3      | 2415 ||| SHOPLISTING potion of lignification (36 gold, have
                  | 19).
  2415 | D:3      | 2415 ||| SHOPLISTING potion of mutation (96 gold, have 19).
  2415 | D:3      | 2415 ||| SHOPLISTING potion of resistance (120 gold, have
                  | 19).
  2573 | D:3      | 2573 ||| UPGRADING to ring of resist corrosion.
  2574 | D:3      | 2574 ||| READING scroll labelled ATOACICR DUQUZ.
  2575 | D:3      | 2575 ||| DRINKING 2 glowing brown potions.
  2576 | D:3      | 2576 ||| READING 2 scrolls of identify.
  2576 | D:3      | 2576 ||| IDENTIFYING murky yellow potion
  2577 | D:3      | 2577 ||| DROPPING potion of degeneration.
  2814 | D:4      | Found a radiant altar of Vehumet.
  2986 | D:4      | Reached XP level 7. HP: 44/44 MP: 7/7
  3240 | D:4      | 3240 ||| UPGRADING to +0 helmet.
  3245 | D:4      | 3245 ||| READING scroll labelled ODYKHL SUBLUON.
  3246 | D:4      | 3246 ||| READING scroll labelled DECSOX JYKKOTT.
  3273 | D:5      | Entered Level 5 of the Dungeon
  3274 | D:5      | 3274 ||| PLANNING SEWER
  3279 | D:5      | Noticed a yak
  3280 | D:5      | 3280 ||| Stepping ~*~*~tactically~*~*~ (stealth).
  3283 | D:5      | Noticed a yak
  3288 | D:5      | Noticed a yak
  3289 | D:5      | Noticed a yak
  3290 | D:5      | Noticed a yak
  3295 | D:5      | Killed a yak
  3297 | D:5      | Killed a yak
  3297 | D:5      | Killed a yak
  3298 | D:5      | Reached XP level 8. HP: 44/48 MP: 8/8
  3300 | D:5      | Killed a yak
  3308 | D:5      | Killed a yak
  3324 | D:5      | 3324 ||| Stepping ~*~*~tactically~*~*~ (stealth).
  3380 | D:5      | Found a glowing drain.
  3382 | D:5      | 3382 ||| FLEEEEING.
  3383 | D:5      | 3383 ||| FLEEEEING.
  3384 | D:5      | 3384 ||| FLEEEEING.
  3385 | D:5      | 3385 ||| FLEEEEING.
  3386 | D:5      | 3386 ||| FLEEEEING.
  3387 | D:5      | 3387 ||| FLEEEEING.
  3388 | D:5      | 3388 ||| FLEEEEING.
  3389 | D:5      | 3389 ||| STAIRDANCE
  3396 | D:5      | 3396 ||| STAIRDANCE
  3408 | D:5      | 3408 ||| FLEEEEING.
  3409 | D:5      | 3409 ||| FLEEEEING.
  3411 | D:5      | 3411 ||| FLEEEEING.
  3412 | D:5      | 3412 ||| FLEEEEING.
  3413 | D:5      | 3413 ||| FLEEEEING.
  3414 | D:5      | 3414 ||| FLEEEEING.
  3416 | D:5      | 3416 ||| STAIRDANCE
  3420 | D:5      | 3420 ||| STAIRDANCE
  3427 | D:5      | 3427 ||| STAIRDANCE
  3440 | D:5      | 3440 ||| FLEEEEING.
  3441 | D:5      | 3441 ||| FLEEEEING.
  3442 | D:5      | 3442 ||| FLEEEEING.
  3443 | D:5      | 3443 ||| STAIRDANCE
  3447 | D:5      | 3447 ||| STAIRDANCE
  3452 | D:5      | 3452 ||| STAIRDANCE
  3470 | Sewer    | Entered a sewer
  3547 | Sewer    | Noticed Pargi
  3555 | Sewer    | Killed Pargi
  3585 | Sewer    | 3585 ||| READING scroll of enchant weapon.
  3585 | Sewer    | 3585 ||| ENCHANTING +3 vampiric war axe.
  3605 | D:5      | 3605 ||| PLANNING D:1-11
  3751 | D:5      | 3751 ||| Stepping ~*~*~tactically~*~*~ (hiding).
  3752 | D:5      | 3752 ||| Stepping ~*~*~tactically~*~*~ (hiding).
  3753 | D:5      | 3753 ||| Stepping ~*~*~tactically~*~*~ (hiding).
  3754 | D:5      | 3754 ||| Stepping ~*~*~tactically~*~*~ (hiding).
  3761 | D:5      | Reached skill level 6 in Fighting
  3851 | D:5      | 3851 ||| FLEEEEING.
  3852 | D:5      | 3852 ||| FLEEEEING.
  3854 | D:5      | 3854 ||| FLEEEEING.
  3855 | D:5      | 3855 ||| FLEEEEING.
  3856 | D:5      | 3856 ||| FLEEEEING.
  3857 | D:5      | 3857 ||| FLEEEEING.
  3858 | D:5      | 3858 ||| FLEEEEING.
  3859 | D:5      | 3859 ||| FLEEEEING.
  3860 | D:5      | 3860 ||| FLEEEEING.
  3864 | D:5      | 3864 ||| FLEEEEING.
  3865 | D:5      | 3865 ||| FLEEEEING.
  3866 | D:5      | 3866 ||| FLEEEEING.
  3867 | D:5      | 3867 ||| FLEEEEING.
  3868 | D:5      | 3868 ||| FLEEEEING.
  3869 | D:5      | 3869 ||| FLEEEEING.
  3870 | D:5      | 3870 ||| FLEEEEING.
  3871 | D:5      | 3871 ||| FLEEEEING.
  3872 | D:5      | 3872 ||| FLEEEEING.
  3873 | D:5      | 3873 ||| FLEEEEING.
  3874 | D:5      | 3874 ||| FLEEEEING.
  3875 | D:5      | 3875 ||| FLEEEEING.
  3876 | D:5      | 3876 ||| FLEEEEING.
  4088 | D:5      | 4088 ||| Stepping ~*~*~tactically~*~*~ (stealth).
  4171 | D:5      | Found a shadowy altar of Dithmenos.
  4174 | D:5      | 4174 ||| READING scroll labelled WEUWNEMUMI.
  4175 | D:5      | 4175 ||| READING scroll labelled UNULORGH VETAUCH.
  4303 | D:6      | Reached skill level 9 in Axes
  4303 | D:6      | Reached XP level 9. HP: 55/55 MP: 9/9
  4564 | D:6      | Reached skill level 6 in Armour
  4579 | D:6      | Found a staircase to the Ecumenical Temple.
  4580 | D:6      | 4580 ||| PLANNING TEMPLE
  4580 | D:6      | 4580 ||| READING scroll labelled UNACUI OMYIXT.
  4581 | D:6      | 4581 ||| READING scroll labelled GOPETHR DUTWA.
  4582 | D:6      | 4582 ||| READING 2 scrolls of identify.
  4582 | D:6      | 4582 ||| IDENTIFYING metallic coppery potion
  4583 | D:6      | 4583 ||| DROPPING potion of invisibility.
  4591 | Temple   | Entered the Ecumenical Temple
  4612 | Temple   | 4612 ||| PLANNING OKAWARU WORSHIP
  4764 | Temple   | Became a worshipper of Warmaster Okawaru
  4765 | Temple   | 4765 ||| PLANNING D:1-11
  4820 | D:6      | Reached skill level 1 in Dodging
  5092 | D:6      | Found a stormy altar of Qazlal.
  5161 | D:6      | 5161 ||| DROPPING scarf of harm.
  5162 | D:6      | 5162 ||| READING scroll labelled DUCUCROPYC.
  5200 | D:7      | 5200 ||| STAIRDANCE
  5206 | D:7      | 5206 ||| STAIRDANCE
  5211 | D:7      | 5211 ||| STAIRDANCE
  5224 | D:7      | 5224 ||| STAIRDANCE
  5355 | D:7      | HP: 11/57 [wight/+2 spear (8)]
  5356 | D:7      | 5356 ||| READING 4 scrolls of teleportation.
  5357 | D:7      | 5357 ||| DRINKING 4 potions of heal wounds.
  5483 | D:7      | 5483 ||| DROPPING +0 whip.
  5589 | D:7      | Noticed Menkaure
  5593 | D:7      | Killed Menkaure
  5671 | D:7      | 5671 ||| Stepping ~*~*~tactically~*~*~ (stealth).
  6030 | D:7      | 6030 ||| Stepping ~*~*~tactically~*~*~ (hiding).
  6046 | D:7      | 6046 ||| Stepping ~*~*~tactically~*~*~ (stealth).
  6048 | D:7      | 6048 ||| Stepping ~*~*~tactically~*~*~ (hiding).
  6180 | D:7      | Reached * piety under Okawaru
  6414 | D:8      | Noticed a two-headed ogre
  6415 | D:8      | 6415 ||| INVOKING Heroism.
  6420 | D:8      | Killed a two-headed ogre
  6421 | D:8      | Reached XP level 10. HP: 62/63 MP: 7/10
  6499 | D:8      | 6499 ||| INVOKING Heroism.
  6509 | D:8      | Reached skill level 1 in Invocations
  6537 | D:8      | 6537 ||| Stepping ~*~*~tactically~*~*~ (stealth).
  6555 | D:8      | Reached ** piety under Okawaru
  6563 | D:8      | 6563 ||| INVOKING Heroism.
  6593 | D:8      | 6593 ||| Stepping ~*~*~tactically~*~*~ (hiding).
  6602 | D:8      | Reached skill level 3 in Invocations
  6604 | D:8      | 6604 ||| INVOKING Heroism.
  6606 | D:8      | Found a staircase to the Lair.
  6612 | D:8      | 6612 ||| Stepping ~*~*~tactically~*~*~ (hiding).
  6625 | D:8      | 6625 ||| Stepping ~*~*~tactically~*~*~ (stealth).
  6626 | D:8      | 6626 ||| INVOKING Heroism.
  6750 | D:8      | 6750 ||| Stepping ~*~*~tactically~*~*~ (hiding).
  6926 | D:8      | 6926 ||| Stepping ~*~*~tactically~*~*~ (hiding).
  7431 | D:8      | 7431 ||| PLANNING LAIR
  7500 | Lair:1   | Entered Level 1 of the Lair of Beasts
  7738 | Lair:1   | 7738 ||| Stepping ~*~*~tactically~*~*~ (hiding).
  7743 | Lair:1   | 7743 ||| INVOKING Heroism.
  7746 | Lair:1   | Noticed a cane toad
  7748 | Lair:1   | Reached skill level 1 in Throwing
  7759 | Lair:1   | Killed a cane toad
  7761 | Lair:1   | Reached skill level 3 in Throwing
  7775 | Lair:1   | 7775 ||| INVOKING Heroism.
  7784 | Lair:1   | Reached *** piety under Okawaru
  7831 | Lair:1   | Found a frozen archway.
  7936 | Lair:1   | 7936 ||| INVOKING Heroism.
  7984 | Lair:1   | 7984 ||| INVOKING Heroism.
  7991 | Lair:1   | Reached XP level 11. HP: 68/68 MP: 11/14
  8195 | Lair:1   | 8195 ||| INVOKING Heroism.
  8227 | Lair:1   | 8227 ||| INVOKING Heroism.
  8241 | Lair:1   | Reached skill level 9 in Fighting
  8463 | Lair:1   | 8463 ||| UPGRADING to ring of protection from fire.
  8536 | Lair:2   | 8536 ||| INVOKING Heroism.
  8579 | Lair:2   | 8579 ||| INVOKING Heroism.
  8592 | Lair:2   | Reached **** piety under Okawaru
  8690 | Lair:2   | 8690 ||| INVOKING Heroism.
  8712 | Lair:2   | 8712 ||| INVOKING Heroism.
  8733 | Lair:2   | Noticed a six-headed hydra
  8734 | Lair:2   | 8734 ||| INVOKING Heroism.
  8737 | Lair:2   | 8737 ||| SWAPPING to +0 morningstar.
  8746 | Lair:2   | Killed a six-headed hydra
  8747 | Lair:2   | 8747 ||| SWAPPING to +4 vampiric war axe.
  8810 | Lair:2   | 8810 ||| FLEEEEING.
  8811 | Lair:2   | 8811 ||| FLEEEEING.
  8812 | Lair:2   | 8812 ||| FLEEEEING.
  8813 | Lair:2   | 8813 ||| FLEEEEING.
  8814 | Lair:2   | 8814 ||| FLEEEEING.
  8815 | Lair:2   | 8815 ||| FLEEEEING.
  8816 | Lair:2   | 8816 ||| FLEEEEING.
  8817 | Lair:2   | 8817 ||| FLEEEEING.
  8818 | Lair:2   | 8818 ||| FLEEEEING.
  8822 | Lair:2   | 8822 ||| STAIRDANCE
  8944 | Lair:2   | 8944 ||| INVOKING Heroism.
  9025 | Lair:2   | Found a staircase to the Snake Pit.
  9026 | Lair:2   | 9026 ||| Stepping ~*~*~tactically~*~*~ (hiding).
  9027 | Lair:2   | 9027 ||| INVOKING Heroism.
  9046 | Lair:2   | 9046 ||| FLEEEEING.
  9047 | Lair:2   | 9047 ||| FLEEEEING.
  9048 | Lair:2   | 9048 ||| FLEEEEING.
  9049 | Lair:2   | 9049 ||| FLEEEEING.
  9050 | Lair:2   | 9050 ||| FLEEEEING.
  9059 | Lair:2   | 9059 ||| INVOKING Heroism.
  9239 | Lair:2   | 9239 ||| INVOKING Heroism.
  9240 | Lair:2   | 9240 ||| Stepping ~*~*~tactically~*~*~ (water).
  9247 | Lair:2   | Reached ***** piety under Okawaru
  9248 | Lair:2   | Reached skill level 6 in Invocations
  9256 | Lair:2   | Reached skill level 12 in Axes
  9295 | Lair:2   | Received a gift from Okawaru
  9335 | Lair:2   | 9335 ||| INVOKING Heroism.
  9383 | Lair:2   | 9383 ||| INVOKING Heroism.
  9399 | Lair:2   | Reached XP level 12. HP: 76/76 MP: 17/17
  9751 | Lair:2   | 9751 ||| UPGRADING to +0 pair of gloves.
  9756 | Lair:2   | 9756 ||| DROPPING amulet of guardian spirit.
  9757 | Lair:2   | 9757 ||| READING scroll labelled XEICZIKL DECVE.
  9915 | Lair:3   | 9915 ||| INVOKING Heroism.
  9942 | Lair:3   | Noticed a boulder beetle
  9943 | Lair:3   | 9943 ||| INVOKING Finesse.
  9956 | Lair:3   | Killed a boulder beetle
 10026 | Lair:3   | 10026 ||| Stepping ~*~*~tactically~*~*~ (stealth).
 10027 | Lair:3   | 10027 ||| INVOKING Heroism.
 10028 | Lair:3   | 10028 ||| Stepping ~*~*~tactically~*~*~ (stealth).
 10049 | Lair:3   | Reached skill level 9 in Armour
 10070 | Lair:3   | Found a transporter.
 10083 | Lair:3   | Reached skill level 6 in Shields
 10087 | Lair:3   | Found a transporter.
 10101 | Lair:3   | Noticed a rakshasa
 10108 | Lair:3   | 10108 ||| Stepping ~*~*~tactically~*~*~ (stealth).
 10108 | Lair:3   | Found a one-way gate to the infinite horrors of the Abyss.
 10108 | Lair:3   | Noticed qw's ghost (journeyman GrFi)
 10109 | Lair:3   | 10109 ||| Stepping ~*~*~tactically~*~*~ (stealth).
 10149 | Lair:3   | Identified the +7 long sword of Anger {vorpal, rPois rC+
                  | Dex+4} (Okawaru gifted it to you on level 3 of the Lair of
                  | Beasts)
 10149 | Lair:3   | Received a gift from Okawaru
 10173 | Lair:3   | 10173 ||| Stepping ~*~*~tactically~*~*~ (stealth).
 10195 | Lair:3   | Found a staircase to the Swamp.
 10477 | Lair:3   | Noticed a wretched star
 10591 | Lair:3   | 10591 ||| Stepping ~*~*~tactically~*~*~ (stealth).
 10767 | Lair:3   | 10767 ||| UPGRADING to +1 plate armour of cold resistance.
 10777 | Lair:3   | 10777 ||| DROPPING +0 plate armour.
 10778 | Lair:3   | 10778 ||| DRINKING 3 grey potions.
 10779 | Lair:3   | 10779 ||| READING 2 scrolls of identify.
 10779 | Lair:3   | 10779 ||| IDENTIFYING fizzy yellow potion
 10780 | Lair:3   | 10780 ||| DROPPING 2 potions of flight.
 10781 | Lair:3   | 10781 ||| DROPPING potion of berserk rage.
 10803 | Lair:4   | 10803 ||| INVOKING Heroism.
 10805 | Lair:4   | 10805 ||| STAIRDANCE
 10817 | Lair:4   | 10817 ||| STAIRDANCE
 10870 | Lair:4   | 10870 ||| INVOKING Heroism.
 10882 | Lair:4   | Reached skill level 9 in Invocations
 11194 | Lair:4   | 11194 ||| Stepping ~*~*~tactically~*~*~ (hiding).
 11229 | Lair:4   | 11229 ||| INVOKING Heroism.
 11253 | Lair:4   | Found a staircase to the Slime Pits.
 11255 | Lair:4   | Found a viscous altar of Jiyva.
 11259 | Lair:4   | 11259 ||| Stepping ~*~*~tactically~*~*~ (stealth).
 11262 | Lair:4   | 11262 ||| Stepping ~*~*~tactically~*~*~ (stealth).
 11378 | Lair:4   | Identified the +5 broad axe "Kusy Man" {spect, rF+ Dex+5
                  | Stlth+} (Okawaru gifted it to you on level 4 of the Lair of
                  | Beasts)
 11378 | Lair:4   | Received a gift from Okawaru
 11380 | Lair:4   | 11380 ||| SWAPPING to +5 broad axe "Kusy Man" {spect, rF+
                  | Dex+5 Stlth+}.
 11381 | Lair:4   | 11381 ||| DROPPING +0 broad axe.
 11382 | Lair:4   | 11382 ||| DROPPING +4 vampiric war axe.
 11526 | Lair:4   | 11526 ||| UPGRADING to +4 ring of evasion.
 11541 | Lair:5   | Entered Level 5 of the Lair of Beasts
 11543 | Lair:5   | 11543 ||| STAIRDANCE
 11558 | Lair:5   | Noticed a six-headed hydra
 11559 | Lair:5   | 11559 ||| STAIRDANCE
 11559 | Lair:5   | Noticed a death yak
 11565 | Lair:4   | Reached XP level 13. HP: 82/82 MP: 20/20
 11567 | Lair:5   | 11567 ||| STAIRDANCE
 11569 | Lair:4   | 11569 ||| INVOKING Heroism.
 11570 | Lair:4   | 11570 ||| SWAPPING to +0 morningstar.
 11571 | Lair:4   | 11571 ||| INVOKING Finesse.
 11572 | Lair:4   | 11572 ||| Stepping ~*~*~tactically~*~*~ (outnumbered).
 11573 | Lair:4   | 11573 ||| Stepping ~*~*~tactically~*~*~ (outnumbered).
 11574 | Lair:4   | 11574 ||| SWAPPING to +5 broad axe "Kusy Man" {spect, rF+
                  | Dex+5 Stlth+}.
 11577 | Lair:4   | 11577 ||| SWAPPING to +0 morningstar.
 11580 | Lair:4   | HP: 17/82 [six-headed hydra (11)]
 11581 | Lair:4   | 11581 ||| READING 7 scrolls of teleportation.
 11582 | Lair:4   | 11582 ||| DRINKING 5 potions of heal wounds.
 11586 | Lair:4   | 11586 ||| SWAPPING to +5 broad axe "Kusy Man" {spect, rF+
                  | Dex+5 Stlth+}.
 11644 | Lair:4   | 11644 ||| FLEEEEING.
 11645 | Lair:4   | 11645 ||| FLEEEEING.
 11646 | Lair:4   | 11646 ||| FLEEEEING.
 11647 | Lair:4   | 11647 ||| FLEEEEING.
 11648 | Lair:4   | 11648 ||| FLEEEEING.
 11650 | Lair:4   | 11650 ||| FLEEEEING.
 11651 | Lair:4   | 11651 ||| FLEEEEING.
 11652 | Lair:4   | 11652 ||| FLEEEEING.
 11654 | Lair:4   | 11654 ||| FLEEEEING.
 11655 | Lair:4   | 11655 ||| FLEEEEING.
 11659 | Lair:4   | 11659 ||| FLEEEEING.
 11660 | Lair:4   | 11660 ||| FLEEEEING.
 11661 | Lair:4   | 11661 ||| FLEEEEING.
 11664 | Lair:4   | 11664 ||| FLEEEEING.
 11665 | Lair:4   | 11665 ||| FLEEEEING.
 11666 | Lair:4   | 11666 ||| STAIRDANCE
 11714 | Lair:5   | 11714 ||| INVOKING Heroism.
 11715 | Lair:5   | 11715 ||| Stepping ~*~*~tactically~*~*~ (stealth).
 11759 | Lair:5   | 11759 ||| FLEEEEING.
 11759 | Lair:5   | Noticed Sonja
 11760 | Lair:5   | 11760 ||| FLEEEEING.
 11761 | Lair:5   | 11761 ||| FLEEEEING.
 11762 | Lair:5   | 11762 ||| INVOKING Finesse.
 11763 | Lair:5   | 11763 ||| FLEEEEING.
 11764 | Lair:5   | 11764 ||| STAIRDANCE
 11910 | Lair:5   | 11910 ||| STAIRDANCE
 11912 | Lair:4   | 11912 ||| INVOKING Heroism.
 11927 | Lair:5   | 11927 ||| STAIRDANCE
 11931 | Lair:5   | 11931 ||| STAIRDANCE
 11961 | Lair:5   | 11961 ||| INVOKING Heroism.
 11962 | Lair:5   | 11962 ||| STAIRDANCE
 11974 | Lair:5   | 11974 ||| INVOKING Finesse.
 11976 | Abyss:1  | Cast into level 1 of the Abyss (Sonja)
 12128 | Abyss:1  | 12128 ||| Stepping ~*~*~tactically~*~*~ (stealth).
 12140 | Abyss:1  | 12140 ||| Stepping ~*~*~tactically~*~*~ (stealth).
 12144 | Abyss:1  | 12144 ||| Stepping ~*~*~tactically~*~*~ (stealth).
 12144 | Abyss:1  | Noticed a tentacled starspawn
 12145 | Abyss:1  | 12145 ||| Stepping ~*~*~tactically~*~*~ (hiding).
 12145 | Abyss:1  | Noticed a cacodemon
 12146 | Abyss:1  | 12146 ||| Stepping ~*~*~tactically~*~*~ (hiding).
 12155 | Abyss:1  | Gained mutation: You expend magic power (3 MP) to
                  | strengthen your wands. [a cacodemon]
 12158 | Abyss:1  | 12158 ||| INVOKING Heroism.
 12173 | Abyss:1  | Killed a cacodemon
 12178 | Abyss:1  | Received a gift from Okawaru
 12194 | Abyss:1  | Killed a tentacled starspawn
 12210 | Abyss:1  | Noticed a great orb of eyes
 12211 | Abyss:1  | 12211 ||| Stepping ~*~*~tactically~*~*~ (stealth).
 12219 | Abyss:1  | 12219 ||| Stepping ~*~*~tactically~*~*~ (stealth).
 12250 | Abyss:1  | 12250 ||| Stepping ~*~*~tactically~*~*~ (stealth).
 12259 | Abyss:1  | 12259 ||| Stepping ~*~*~tactically~*~*~ (stealth).
 12260 | Abyss:1  | 12260 ||| INVOKING Heroism.
 12261 | Abyss:1  | 12261 ||| Stepping ~*~*~tactically~*~*~ (stealth).
 12265 | Abyss:1  | Received a gift from Okawaru
 12277 | Abyss:1  | Noticed a tentacled starspawn
 12288 | Abyss:1  | Identified the +7 chain mail of the Game of Life {rCorr}
                  | (Okawaru gifted it to you on level 1 of the Abyss)
 12288 | Abyss:1  | Received a gift from Okawaru
 12289 | Abyss:1  | Killed a tentacled starspawn
 12309 | Abyss:1  | Killed a great orb of eyes
 12317 | Lair:5   | Escaped the Abyss
 12318 | Lair:5   | 12318 ||| INVOKING Heroism.
 12319 | Lair:5   | 12319 ||| INVOKING Finesse.
 12325 | Lair:5   | Reached skill level 3 in Dodging
 12328 | Lair:5   | Killed Sonja
 12411 | Lair:5   | 12411 ||| INVOKING Heroism.
 12515 | Lair:5   | 12515 ||| INVOKING Heroism.
 12574 | Lair:5   | 12574 ||| Stepping ~*~*~tactically~*~*~ (stealth).
 12575 | Lair:5   | 12575 ||| Stepping ~*~*~tactically~*~*~ (stealth).
 12577 | Lair:5   | 12577 ||| Stepping ~*~*~tactically~*~*~ (stealth).
 12579 | Lair:5   | 12579 ||| INVOKING Heroism.
 12580 | Lair:5   | 12580 ||| INVOKING Finesse.
 12581 | Lair:5   | 12581 ||| Stepping ~*~*~tactically~*~*~ (stealth).
 12602 | Lair:5   | Gained mutation: Your large and strong wings let you fly.
                  | [Gargoyle growth]
 12602 | Lair:5   | Reached XP level 14. HP: 90/90 MP: 15/21
 12662 | Lair:5   | Noticed a dire elephant
 12662 | Lair:5   | Noticed a dire elephant
 12684 | Lair:5   | 12684 ||| INVOKING Heroism.
 12726 | Lair:5   | Reached skill level 15 in Axes
 12748 | Lair:5   | 12748 ||| INVOKING Heroism.
 12805 | Lair:5   | 12805 ||| Stepping ~*~*~tactically~*~*~ (hiding).
 12954 | Lair:5   | 12954 ||| Stepping ~*~*~tactically~*~*~ (stealth).
 12960 | Lair:5   | 12960 ||| INVOKING Heroism.
 13076 | Lair:5   | 13076 ||| Stepping ~*~*~tactically~*~*~ (hiding).
 13182 | Lair:5   | 13182 ||| Stepping ~*~*~tactically~*~*~ (stealth).
 13313 | Lair:5   | Noticed a quicksilver ooze
 13314 | Lair:5   | 13314 ||| Stepping ~*~*~tactically~*~*~ (stealth).
 13315 | Lair:5   | 13315 ||| Stepping ~*~*~tactically~*~*~ (stealth).
 13317 | Lair:5   | 13317 ||| INVOKING Heroism.
 13326 | Lair:5   | Killed a quicksilver ooze
 13326 | Lair:5   | Received a gift from Okawaru
 13335 | Lair:5   | 13335 ||| Stepping ~*~*~tactically~*~*~ (stealth).
 13336 | Lair:5   | 13336 ||| Stepping ~*~*~tactically~*~*~ (stealth).
 13337 | Lair:5   | 13337 ||| Stepping ~*~*~tactically~*~*~ (stealth).
 13340 | Lair:5   | 13340 ||| Stepping ~*~*~tactically~*~*~ (stealth).
 13408 | Lair:5   | 13408 ||| Stepping ~*~*~tactically~*~*~ (stealth).
 13417 | Lair:5   | 13417 ||| FLEEEEING.
 13465 | Lair:5   | 13465 ||| Stepping ~*~*~tactically~*~*~ (stealth).
 13584 | Lair:5   | 13584 ||| INVOKING Heroism.
 13585 | Lair:5   | 13585 ||| SWAPPING to +0 morningstar.
 13586 | Lair:5   | 13586 ||| INVOKING Finesse.
 13593 | Lair:5   | 13593 ||| SWAPPING to +5 broad axe "Kusy Man" {spect, rF+
                  | Dex+5 Stlth+}.
 13721 | Lair:5   | Found a runed translucent door.
 13725 | Lair:5   | Noticed qw's ghost (journeyman GrFi)
 13873 | Lair:5   | 13873 ||| INVOKING Heroism.
 13874 | Lair:5   | 13874 ||| INVOKING Finesse.
 14131 | Lair:5   | 14131 ||| Stepping ~*~*~tactically~*~*~ (stealth).
 14152 | Lair:5   | 14152 ||| INVOKING Heroism.
 14153 | Lair:5   | 14153 ||| INVOKING Finesse.
 14156 | Lair:5   | Reached skill level 12 in Fighting
 14265 | Lair:5   | 14265 ||| INVOKING Heroism.
 14274 | Lair:5   | Received a gift from Okawaru
 14277 | Lair:5   | Killed a dire elephant
 14286 | Lair:5   | Killed a dire elephant
 14286 | Lair:5   | Received a gift from Okawaru
 14363 | Lair:5   | 14363 ||| INVOKING Heroism.
 14364 | Lair:5   | 14364 ||| INVOKING Finesse.
 14416 | Lair:5   | 14416 ||| INVOKING Heroism.
 14455 | Lair:5   | 14455 ||| INVOKING Finesse.
 14695 | Lair:5   | 14695 ||| PLANNING D:1-11
 14695 | Lair:5   | 14695 ||| UPGRADING to +1 pair of gloves of stealth.
 14705 | Lair:5   | 14705 ||| DROPPING +0 pair of gloves.
 14952 | D:9      | Found a transporter.
 15056 | D:9      | 15056 ||| Stepping ~*~*~tactically~*~*~ (stealth).
 15058 | D:9      | 15058 ||| Stepping ~*~*~tactically~*~*~ (stealth).
 15087 | D:9      | 15087 ||| Stepping ~*~*~tactically~*~*~ (stealth).
 15149 | D:9      | 15149 ||| INVOKING Heroism.
 15215 | D:9      | 15215 ||| Stepping ~*~*~tactically~*~*~ (stealth).
 15238 | D:9      | 15238 ||| INVOKING Heroism.
 15291 | D:9      | 15291 ||| Stepping ~*~*~tactically~*~*~ (stealth).
 15293 | D:9      | 15293 ||| FLEEEEING.
 15295 | D:9      | 15295 ||| FLEEEEING.
 15296 | D:9      | 15296 ||| FLEEEEING.
 15298 | D:9      | 15298 ||| STAIRDANCE
 15331 | D:8      | 15331 ||| READING scroll labelled VAW NOHOIH.
 15332 | D:8      | 15332 ||| READING 3 scrolls of identify.
 15332 | D:8      | 15332 ||| IDENTIFYING inky potion
 15337 | D:9      | 15337 ||| Stepping ~*~*~tactically~*~*~ (stealth).
 15338 | D:9      | 15338 ||| Stepping ~*~*~tactically~*~*~ (stealth).
 15415 | D:9      | Found a flagged portal.
 15652 | D:9      | 15652 ||| READING 2 scrolls of identify.
 15652 | D:9      | 15652 ||| IDENTIFYING sapphire potion
 15653 | D:9      | 15653 ||| DROPPING potion of ambrosia.
 15697 | D:10     | Entered Level 10 of the Dungeon
 15788 | D:10     | Found a large runed translucent door.
 15789 | D:10     | Found a large runed translucent door.
 15865 | D:10     | Identified the +0 buckler "Emiagug" {Harm Str+4 Int+3
                  | Dex+3}
 15883 | D:10     | 15883 ||| INVOKING Heroism.
 15963 | D:10     | Found a sacrificial altar of Ru.
 16018 | D:10     | 16018 ||| INVOKING Heroism.
 16038 | D:10     | 16038 ||| Stepping ~*~*~tactically~*~*~ (stealth).
 16046 | D:10     | Found a staircase to the Orcish Mines.
 16063 | D:10     | 16063 ||| INVOKING Heroism.
 16091 | D:10     | 16091 ||| INVOKING Heroism.
 16271 | D:10     | 16271 ||| Stepping ~*~*~tactically~*~*~ (stealth).
 16594 | D:11     | 16594 ||| Stepping ~*~*~tactically~*~*~ (stealth).
 16603 | D:11     | 16603 ||| Stepping ~*~*~tactically~*~*~ (stealth).
 17411 | D:11     | 17411 ||| PLANNING D
 17450 | D:12     | Found a sparkling altar of Nemelex Xobeh.
 17704 | D:12     | You are sucked into a shaft and drop 2 floors!
 17712 | D:14     | 17712 ||| INVOKING Heroism.
 17722 | D:14     | Reached XP level 15. HP: 96/96 MP: 20/22
 17763 | D:14     | 17763 ||| Stepping randomly (stuck).
 17766 | D:14     | 17766 ||| SWAPPING to +0 morningstar.
 17767 | D:14     | 17767 ||| INVOKING Finesse.
 17772 | D:14     | 17772 ||| SWAPPING to +5 broad axe "Kusy Man" {spect, rF+
                  | Dex+5 Stlth+}.
 17773 | D:14     | 17773 ||| Stepping randomly (stuck).
 17803 | D:14     | 17803 ||| INVOKING Heroism.
 17806 | D:14     | 17806 ||| SWAPPING to +0 morningstar.
 17813 | D:14     | 17813 ||| SWAPPING to +5 broad axe "Kusy Man" {spect, rF+
                  | Dex+5 Stlth+}.
 17862 | D:14     | 17862 ||| INVOKING Heroism.
 17869 | D:14     | Reached skill level 12 in Armour
 17925 | D:14     | 17925 ||| Stepping ~*~*~tactically~*~*~ (stealth).
 17934 | D:14     | 17934 ||| INVOKING Heroism.
 18000 | D:14     | 18000 ||| READING 6 scrolls of identify.
 18000 | D:14     | 18000 ||| IDENTIFYING yellow potion
 18108 | D:12     | 18108 ||| Stepping ~*~*~tactically~*~*~ (stealth).
 18217 | D:12     | 18217 ||| Stepping ~*~*~tactically~*~*~ (stealth).
 18222 | D:12     | 18222 ||| Stepping ~*~*~tactically~*~*~ (stealth).
 18246 | D:12     | 18246 ||| Stepping ~*~*~tactically~*~*~ (stealth).
 18497 | D:12     | 18497 ||| FLEEEEING.
 18498 | D:12     | 18498 ||| FLEEEEING.
 18499 | D:12     | 18499 ||| FLEEEEING.
 18500 | D:12     | 18500 ||| FLEEEEING.
 18501 | D:12     | 18501 ||| FLEEEEING.
 18502 | D:12     | 18502 ||| FLEEEEING.
 18503 | D:12     | 18503 ||| FLEEEEING.
 18504 | D:12     | 18504 ||| FLEEEEING.
 18662 | D:12     | 18662 ||| UPGRADING to +6 ring of dexterity.
 18735 | D:13     | 18735 ||| Stepping ~*~*~tactically~*~*~ (stealth).
 18741 | D:13     | 18741 ||| INVOKING Heroism.
 18819 | D:13     | 18819 ||| Stepping ~*~*~tactically~*~*~ (hiding).
 19052 | D:13     | 19052 ||| Stepping ~*~*~tactically~*~*~ (hiding).
 19053 | D:13     | 19053 ||| Stepping ~*~*~tactically~*~*~ (hiding).
 19213 | D:13     | 19213 ||| INVOKING Heroism.
 19240 | D:13     | 19240 ||| Stepping ~*~*~tactically~*~*~ (stealth).
 19241 | D:13     | 19241 ||| Stepping ~*~*~tactically~*~*~ (stealth).
 19243 | D:13     | 19243 ||| Stepping ~*~*~tactically~*~*~ (stealth).
 19296 | D:13     | 19296 ||| Stepping ~*~*~tactically~*~*~ (hiding).
 19298 | D:13     | 19298 ||| INVOKING Heroism.
 19400 | D:13     | 19400 ||| INVOKING Heroism.
 19886 | D:13     | 19886 ||| INVOKING Heroism.
 19910 | D:13     | 19910 ||| DROPPING orb of light.
 19911 | D:13     | 19911 ||| READING scroll labelled TIL ZUCZEODO.
 19925 | D:14     | Noticed Louise
 19926 | D:14     | 19926 ||| INVOKING Heroism.
 19927 | D:14     | 19927 ||| INVOKING Finesse.
 19938 | D:14     | Killed Louise
 20055 | D:14     | Noticed Rupert
 20056 | D:14     | 20056 ||| INVOKING Heroism.
 20056 | D:14     | Paralysed by Rupert for 4 turns
 20060 | D:14     | 20060 ||| INVOKING Finesse.
 20072 | D:14     | Killed Rupert
 20174 | D:14     | Found a gate to the Vaults.
 20184 | D:14     | Received a gift from Okawaru
 20265 | D:14     | 20265 ||| Stepping ~*~*~tactically~*~*~ (hiding).
 20266 | D:14     | 20266 ||| Stepping ~*~*~tactically~*~*~ (hiding).
 20267 | D:14     | 20267 ||| INVOKING Heroism.
 20285 | D:14     | 20285 ||| Stepping ~*~*~tactically~*~*~ (stealth).
 20292 | D:14     | 20292 ||| Stepping ~*~*~tactically~*~*~ (hiding).
 20371 | D:14     | 20371 ||| INVOKING Heroism.
 20381 | D:14     | Identified the +4 hat of the Hairy God {rF+} (Okawaru
                  | gifted it to you on level 14 of the Dungeon)
 20381 | D:14     | Received a gift from Okawaru
 20382 | D:14     | Reached skill level 6 in Throwing
 20536 | D:14     | 20536 ||| UPGRADING to +0 tower shield.
 20546 | D:14     | 20546 ||| DROPPING +0 buckler.
 20547 | D:14     | 20547 ||| DROPPING +0 buckler "Emiagug" {Harm Str+4 Int+3
                  | Dex+3}.
 20548 | D:14     | 20548 ||| UPGRADING to +4 hat of the Hairy God {rF+}.
 20558 | D:14     | 20558 ||| DROPPING +0 helmet.
 20581 | D:15     | Entered Level 15 of the Dungeon
 20582 | D:15     | 20582 ||| PLANNING GAUNTLET
 20603 | D:15     | Found a gate leading to a gauntlet.
 20604 | D:15     | 20604 ||| READING 5 scrolls of identify.
 20604 | D:15     | 20604 ||| IDENTIFYING fuming silvery potion
 20613 | Gauntlet | Entered a Gauntlet
 20613 | Gauntlet | Found a transporter.
 20613 | Gauntlet | Found a large runed translucent door.
 20613 | Gauntlet | Found a large runed translucent door.
 20613 | Gauntlet | Found a large runed translucent door.
 20613 | Gauntlet | Found a large runed translucent door.
 20613 | Gauntlet | Found a large runed translucent door.
 20613 | Gauntlet | Found a large runed translucent door.
 20613 | Gauntlet | Found a runed translucent door.
 20613 | Gauntlet | Found a runed translucent door.
 20613 | Gauntlet | Found a large runed translucent door.
 20613 | Gauntlet | Found a large runed translucent door.
 20613 | Gauntlet | Found a large runed translucent door.
 20613 | Gauntlet | Found a large runed translucent door.
 20613 | Gauntlet | Found a large runed translucent door.
 20613 | Gauntlet | Found a large runed translucent door.
 20622 | Gauntlet | Found a transporter.
 20638 | Gauntlet | Found a runed translucent door.
 20643 | Gauntlet | Found a transporter.
 20664 | Gauntlet | Found a transporter.
 20677 | Gauntlet | Found a transporter.
 20690 | Gauntlet | Found a transporter.
 20719 | Gauntlet | Found a transporter.
 20719 | Gauntlet | Found a transporter.
 20724 | Gauntlet | Found a transporter.
 20744 | Gauntlet | Found a large runed translucent door.
 20744 | Gauntlet | Found a large runed translucent door.
 20745 | Gauntlet | Found a runed translucent gate.
 20755 | Gauntlet | Found a transporter.
 20755 | Gauntlet | Found a transporter.
 20755 | Gauntlet | Found a runed translucent gate.
 20755 | Gauntlet | Found a runed translucent door.
 20756 | Gauntlet | Found a runed translucent gate.
 20757 | Gauntlet | Found a runed translucent door.
 20784 | Gauntlet | Found a transporter.
 20786 | Gauntlet | Found a large runed translucent door.
 20786 | Gauntlet | Found a large runed translucent door.
 20819 | Gauntlet | 20819 ||| Stepping ~*~*~tactically~*~*~ (hiding).
 20898 | Gauntlet | 20898 ||| UPGRADING to +4 ring of protection.
 20900 | Gauntlet | 20900 ||| DROPPING +6 ring of dexterity.
 20911 | Gauntlet | 20911 ||| INVOKING Heroism.
 20920 | Gauntlet | 20920 ||| Stepping ~*~*~tactically~*~*~ (cloud).
 20990 | Gauntlet | 20990 ||| DROPPING +0 cloak.
 20996 | Gauntlet | 20996 ||| Stepping ~*~*~tactically~*~*~ (stealth).
 21007 | Gauntlet | 21007 ||| Stepping ~*~*~tactically~*~*~ (hiding).
 21010 | Gauntlet | 21010 ||| INVOKING Heroism.
 21018 | Gauntlet | Reached skill level 9 in Shields
 21082 | Gauntlet | 21082 ||| DROPPING ring of fire.
 21083 | Gauntlet | 21083 ||| DROPPING ring of magical power.
 21084 | Gauntlet | 21084 ||| DROPPING ring of wizardry.
 21099 | D:15     | 21099 ||| PLANNING D
 21118 | D:15     | 21118 ||| Stepping ~*~*~tactically~*~*~ (stealth).
 21121 | D:15     | 21121 ||| Stepping ~*~*~tactically~*~*~ (hiding).
 21122 | D:15     | 21122 ||| INVOKING Heroism.
 21201 | D:15     | 21201 ||| INVOKING Heroism.
 21267 | D:15     | 21267 ||| Stepping ~*~*~tactically~*~*~ (hiding).
 21269 | D:15     | 21269 ||| Stepping ~*~*~tactically~*~*~ (hiding).
 21360 | D:15     | Noticed Jorgrun
 21361 | D:15     | 21361 ||| INVOKING Heroism.
 21362 | D:15     | 21362 ||| INVOKING Finesse.
 21380 | D:15     | Killed Jorgrun
 21427 | D:15     | 21427 ||| Stepping ~*~*~tactically~*~*~ (stealth).
 21435 | D:15     | 21435 ||| Stepping ~*~*~tactically~*~*~ (hiding).
 21518 | D:15     | 21518 ||| INVOKING Finesse.
 21525 | D:15     | Reached XP level 16. HP: 83/103 MP: 17/23
 21753 | D:15     | 21753 ||| Stepping ~*~*~tactically~*~*~ (hiding).
 21794 | D:15     | 21794 ||| INVOKING Heroism.
 21949 | D:15     | 21949 ||| Stepping ~*~*~tactically~*~*~ (hiding).
 21961 | D:15     | Found a staircase to the Depths.
 22190 | D:15     | 22190 ||| PLANNING ORC
 22190 | D:15     | 22190 ||| DROPPING +6 ring of strength.
 22191 | D:15     | 22191 ||| DRINKING 3 amethyst potions.
 22338 | Orc:1    | Entered Level 1 of the Orcish Mines
 22339 | Orc:1    | 22339 ||| INVOKING Heroism.
 22449 | Orc:1    | 22449 ||| INVOKING Heroism.
 22723 | Orc:2    | Entered Level 2 of the Orcish Mines
 22723 | Orc:2    | Found a staircase to the Elven Halls.
 22724 | Orc:2    | 22724 ||| INVOKING Heroism.
 22761 | Orc:1    | 22761 ||| INVOKING Heroism.
 23039 | Orc:2    | Noticed qw's ghost (adept GrFi)
 23043 | Orc:2    | 23043 ||| INVOKING Heroism.
 23137 | Orc:2    | 23137 ||| Stepping ~*~*~tactically~*~*~ (stealth).
 23138 | Orc:2    | 23138 ||| Stepping ~*~*~tactically~*~*~ (stealth).
 23139 | Orc:2    | 23139 ||| Stepping ~*~*~tactically~*~*~ (stealth).
 23181 | Orc:2    | Found a runed translucent gate.
 23181 | Orc:2    | Found a runed translucent gate.
 23194 | Orc:2    | 23194 ||| Stepping ~*~*~tactically~*~*~ (stealth).
 23198 | Orc:2    | 23198 ||| Stepping ~*~*~tactically~*~*~ (stealth).
 23200 | Orc:2    | 23200 ||| Stepping ~*~*~tactically~*~*~ (hiding).
 23203 | Orc:2    | 23203 ||| INVOKING Heroism.
 23217 | Orc:2    | Reached skill level 12 in Shields
 23220 | Orc:2    | Gained mutation: You are vulnerable to cold. (rC-) [a
                  | neqoxec]
 23234 | Orc:2    | Received a gift from Okawaru
 23442 | Orc:2    | Found Sodwaudgh's Antique Armour Emporium.
 23442 | Orc:2    | Found Wuptygo's Armour Boutique.
 23444 | Orc:2    | Found Waharh Zopi's Distillery.
 23444 | Orc:2    | Found Ateackis's Distillery.
 23450 | Orc:2    | 23450 ||| BUYING embroidered scarf (232 gold).
 23450 | Orc:2    | Bought an embroidered scarf for 232 gold pieces
 23450 | Orc:2    | 23450 ||| BUYING pair of boots (130 gold).
 23450 | Orc:2    | Bought a pair of boots for 130 gold pieces
 23453 | Orc:2    | 23453 ||| BUYING 2 potions of curing (66 gold).
 23453 | Orc:2    | Bought 2 potions of curing for 66 gold pieces
 23453 | Orc:2    | 23453 ||| BUYING 2 potions of lignification (66 gold).
 23453 | Orc:2    | Bought 2 potions of lignification for 66 gold pieces
 23453 | Orc:2    | 23453 ||| BUYING potion of curing (33 gold).
 23453 | Orc:2    | Bought a potion of curing for 33 gold pieces
 23453 | Orc:2    | 23453 ||| BUYING potion of curing (33 gold).
 23453 | Orc:2    | Bought a potion of curing for 33 gold pieces
 23453 | Orc:2    | 23453 ||| BUYING potion of curing (33 gold).
 23453 | Orc:2    | Bought a potion of curing for 33 gold pieces
 23453 | Orc:2    | 23453 ||| BUYING potion of lignification (33 gold).
 23453 | Orc:2    | Bought a potion of lignification for 33 gold pieces
 23453 | Orc:2    | 23453 ||| BUYING potion of might (44 gold).
 23453 | Orc:2    | Bought a potion of might for 44 gold pieces
 23454 | Orc:2    | 23454 ||| BUYING potion of attraction (48 gold).
 23454 | Orc:2    | Bought a potion of attraction for 48 gold pieces
 23454 | Orc:2    | 23454 ||| BUYING potion of curing (48 gold).
 23454 | Orc:2    | Bought a potion of curing for 48 gold pieces
 23454 | Orc:2    | 23454 ||| BUYING potion of lignification (48 gold).
 23454 | Orc:2    | Bought a potion of lignification for 48 gold pieces
 23454 | Orc:2    | 23454 ||| BUYING potion of might (64 gold).
 23454 | Orc:2    | Bought a potion of might for 64 gold pieces
 23454 | Orc:2    | 23454 ||| BUYING potion of might (64 gold).
 23454 | Orc:2    | Bought a potion of might for 64 gold pieces
 23456 | Orc:2    | 23456 ||| BUYING +8 chain mail of Lust {Dex+2} (724 gold).
 23456 | Orc:2    | Bought the +8 chain mail of Lust {Dex+2} for 724 gold
                  | pieces
 23493 | Orc:2    | 23493 ||| Stepping ~*~*~tactically~*~*~ (hiding).
 23532 | Orc:2    | 23532 ||| INVOKING Heroism.
 23557 | Orc:2    | 23557 ||| Stepping ~*~*~tactically~*~*~ (stealth).
 23558 | Orc:2    | 23558 ||| Stepping ~*~*~tactically~*~*~ (stealth).
 23560 | Orc:2    | 23560 ||| Stepping ~*~*~tactically~*~*~ (stealth).
 23563 | Orc:2    | 23563 ||| Stepping ~*~*~tactically~*~*~ (stealth).
 23568 | Orc:2    | 23568 ||| Stepping ~*~*~tactically~*~*~ (stealth).
 23570 | Orc:2    | 23570 ||| Stepping ~*~*~tactically~*~*~ (stealth).
 23580 | Orc:2    | 23580 ||| Stepping ~*~*~tactically~*~*~ (stealth).
 23594 | Orc:2    | 23594 ||| Stepping ~*~*~tactically~*~*~ (stealth).
 23606 | Orc:2    | 23606 ||| Stepping ~*~*~tactically~*~*~ (stealth).
 23607 | Orc:2    | 23607 ||| Stepping ~*~*~tactically~*~*~ (stealth).
 23718 | Orc:2    | 23718 ||| Stepping ~*~*~tactically~*~*~ (stealth).
 23719 | Orc:2    | 23719 ||| Stepping ~*~*~tactically~*~*~ (stealth).
 23721 | Orc:2    | 23721 ||| INVOKING Heroism.
 23807 | Orc:2    | Found Hoaq's Antique Armour Emporium.
 23816 | Orc:2    | 23816 ||| SHOPLISTING pair of glowing gloves (240 gold,
                  | have 227).
 23816 | Orc:2    | 23816 ||| SHOPLISTING shiny helmet (240 gold, have 227).
 23861 | Orc:2    | Found a runed translucent gate.
 24038 | Orc:2    | 24038 ||| PLANNING SWAMP:1-3
 24038 | Orc:2    | 24038 ||| DROPPING scarf of invisibility.
 24039 | Orc:2    | 24039 ||| UPGRADING to +8 chain mail of Lust {Dex+2}.
 24220 | Swamp:1  | Entered Level 1 of the Swamp
 24221 | Swamp:1  | 24221 ||| INVOKING Heroism.
 24267 | Swamp:1  | 24267 ||| Stepping ~*~*~tactically~*~*~ (cloud).
 24268 | Swamp:1  | 24268 ||| Stepping ~*~*~tactically~*~*~ (cloud).
 24509 | Swamp:1  | 24509 ||| INVOKING Heroism.
 24512 | Swamp:1  | Identified the +0 helmet of the Iron Devil {+Blink rPois
                  | Regen+ Dex-5} (Okawaru gifted it to you on level 1 of the
                  | Swamp)
 24512 | Swamp:1  | Received a gift from Okawaru
 24547 | Swamp:1  | 24547 ||| INVOKING Finesse.
 24550 | Swamp:1  | 24550 ||| SWAPPING to +0 morningstar.
 24556 | Swamp:1  | 24556 ||| Stepping ~*~*~tactically~*~*~ (outnumbered).
 24557 | Swamp:1  | 24557 ||| Stepping ~*~*~tactically~*~*~ (outnumbered).
 24558 | Swamp:1  | 24558 ||| Stepping ~*~*~tactically~*~*~ (outnumbered).
 24559 | Swamp:1  | 24559 ||| Stepping ~*~*~tactically~*~*~ (outnumbered).
 24560 | Swamp:1  | 24560 ||| Stepping ~*~*~tactically~*~*~ (outnumbered).
 24562 | Swamp:1  | 24562 ||| INVOKING Heroism.
 24563 | Swamp:1  | 24563 ||| Stepping ~*~*~tactically~*~*~ (outnumbered).
 24564 | Swamp:1  | 24564 ||| Stepping ~*~*~tactically~*~*~ (outnumbered).
 24565 | Swamp:1  | 24565 ||| Stepping ~*~*~tactically~*~*~ (outnumbered).
 24566 | Swamp:1  | 24566 ||| Stepping ~*~*~tactically~*~*~ (outnumbered).
 24567 | Swamp:1  | 24567 ||| Stepping ~*~*~tactically~*~*~ (outnumbered).
 24568 | Swamp:1  | 24568 ||| Stepping ~*~*~tactically~*~*~ (outnumbered).
 24569 | Swamp:1  | 24569 ||| Stepping ~*~*~tactically~*~*~ (outnumbered).
 24575 | Swamp:1  | 24575 ||| SWAPPING to +5 broad axe "Kusy Man" {spect, rF+
                  | Dex+5 Stlth+}.
 24693 | Swamp:1  | 24693 ||| Stepping ~*~*~tactically~*~*~ (stealth).
 24693 | Swamp:1  | Noticed a fenstrider witch
 24694 | Swamp:1  | 24694 ||| Stepping ~*~*~tactically~*~*~ (stealth).
 24696 | Swamp:1  | 24696 ||| INVOKING Heroism.
 24697 | Swamp:1  | 24697 ||| SWAPPING to +0 morningstar.
 24698 | Swamp:1  | 24698 ||| INVOKING Finesse.
 24701 | Swamp:1  | 24701 ||| Stepping ~*~*~tactically~*~*~ (hiding).
 24708 | Swamp:1  | 24708 ||| SWAPPING to +5 broad axe "Kusy Man" {spect, rF+
                  | Dex+5 Stlth+}.
 24714 | Swamp:1  | Killed a fenstrider witch
 24716 | Swamp:1  | 24716 ||| SWAPPING to +0 morningstar.
 24725 | Swamp:1  | 24725 ||| SWAPPING to +5 broad axe "Kusy Man" {spect, rF+
                  | Dex+5 Stlth+}.
 24911 | Swamp:1  | 24911 ||| INVOKING Heroism.
 24955 | Swamp:1  | 24955 ||| INVOKING Heroism.
 25062 | Swamp:1  | 25062 ||| DROPPING scarf of invisibility.
 25063 | Swamp:1  | 25063 ||| DROPPING +0 helmet of the Iron Devil {+Blink
                  | rPois Regen+ Dex-5}.
 25105 | Swamp:2  | Identified the +1 scale mail "Olab" {rF+}
 25114 | Swamp:2  | 25114 ||| INVOKING Heroism.
 25128 | Swamp:2  | 25128 ||| Stepping ~*~*~tactically~*~*~ (hiding).
 25129 | Swamp:2  | 25129 ||| Stepping ~*~*~tactically~*~*~ (stealth).
 25130 | Swamp:2  | 25130 ||| Stepping ~*~*~tactically~*~*~ (stealth).
 25131 | Swamp:2  | 25131 ||| Stepping ~*~*~tactically~*~*~ (hiding).
 25140 | Swamp:2  | 25140 ||| SWAPPING to +0 morningstar.
 25145 | Swamp:2  | 25145 ||| INVOKING Heroism.
 25150 | Swamp:2  | 25150 ||| SWAPPING to +5 broad axe "Kusy Man" {spect, rF+
                  | Dex+5 Stlth+}.
 25258 | Swamp:2  | 25258 ||| INVOKING Heroism.
 25332 | Swamp:2  | Reached skill level 15 in Shields
 25352 | Swamp:2  | 25352 ||| INVOKING Heroism.
 25363 | Swamp:2  | 25363 ||| Stepping ~*~*~tactically~*~*~ (cloud).
 25491 | Swamp:2  | 25491 ||| Stepping ~*~*~tactically~*~*~ (hiding).
 26008 | Swamp:3  | Noticed a fenstrider witch
 26009 | Swamp:3  | 26009 ||| INVOKING Heroism.
 26016 | Swamp:3  | Killed a fenstrider witch
 26025 | Swamp:3  | 26025 ||| Stepping ~*~*~tactically~*~*~ (cloud).
 26082 | Swamp:3  | 26082 ||| INVOKING Heroism.
 26113 | Swamp:3  | 26113 ||| INVOKING Heroism.
 26122 | Swamp:3  | Reached XP level 17. HP: 63/108 MP: 22/24
 26136 | Swamp:3  | 26136 ||| Stepping ~*~*~tactically~*~*~ (cloud).
 26164 | Swamp:3  | 26164 ||| FLEEEEING.
 26165 | Swamp:3  | 26165 ||| FLEEEEING.
 26166 | Swamp:3  | 26166 ||| FLEEEEING.
 26167 | Swamp:3  | 26167 ||| FLEEEEING.
 26168 | Swamp:3  | 26168 ||| FLEEEEING.
 26174 | Swamp:3  | 26174 ||| STAIRDANCE
 26350 | Swamp:3  | 26350 ||| Stepping ~*~*~tactically~*~*~ (hiding).
 26351 | Swamp:3  | 26351 ||| Stepping ~*~*~tactically~*~*~ (hiding).
 26352 | Swamp:3  | 26352 ||| Stepping ~*~*~tactically~*~*~ (hiding).
 26397 | Swamp:3  | 26397 ||| Stepping ~*~*~tactically~*~*~ (hiding).
 26398 | Swamp:3  | 26398 ||| Stepping ~*~*~tactically~*~*~ (hiding).
 26400 | Swamp:3  | 26400 ||| Stepping ~*~*~tactically~*~*~ (hiding).
 26436 | Swamp:3  | Noticed a tentacled monstrosity
 26437 | Swamp:3  | 26437 ||| INVOKING Heroism.
 26438 | Swamp:3  | 26438 ||| INVOKING Finesse.
 26445 | Swamp:3  | Killed a tentacled monstrosity
 26450 | Swamp:3  | Received a gift from Okawaru
 26534 | Swamp:3  | 26534 ||| Stepping ~*~*~tactically~*~*~ (hiding).
 26537 | Swamp:3  | 26537 ||| Stepping ~*~*~tactically~*~*~ (hiding).
 26676 | Swamp:3  | 26676 ||| INVOKING Heroism.
 26768 | Swamp:3  | 26768 ||| Stepping ~*~*~tactically~*~*~ (hiding).
 26915 | Swamp:3  | 26915 ||| PLANNING SNAKE:1-3
 27032 | Snake:1  | Entered Level 1 of the Snake Pit
 27040 | Snake:1  | 27040 ||| Stepping ~*~*~tactically~*~*~ (hiding).
 27122 | Snake:1  | 27122 ||| Stepping ~*~*~tactically~*~*~ (stealth).
 27146 | Snake:1  | 27146 ||| Stepping ~*~*~tactically~*~*~ (hiding).
 27245 | Snake:1  | Noticed Aizul
 27246 | Snake:1  | 27246 ||| Stepping ~*~*~tactically~*~*~ (hiding).
 27247 | Snake:1  | 27247 ||| Stepping ~*~*~tactically~*~*~ (hiding).
 27249 | Snake:1  | 27249 ||| INVOKING Heroism.
 27250 | Snake:1  | 27250 ||| INVOKING Finesse.
 27273 | Snake:1  | Killed Aizul
 27380 | Snake:1  | 27380 ||| Stepping ~*~*~tactically~*~*~ (hiding).
 27381 | Snake:1  | 27381 ||| Stepping ~*~*~tactically~*~*~ (hiding).
 27509 | Snake:1  | 27509 ||| Stepping ~*~*~tactically~*~*~ (hiding).
 27510 | Snake:1  | 27510 ||| Stepping ~*~*~tactically~*~*~ (hiding).
 27518 | Snake:1  | 27518 ||| INVOKING Heroism.
 27647 | Snake:1  | 27647 ||| Stepping ~*~*~tactically~*~*~ (stealth).
 27655 | Snake:1  | 27655 ||| Stepping ~*~*~tactically~*~*~ (stealth).
 27656 | Snake:1  | 27656 ||| Stepping ~*~*~tactically~*~*~ (stealth).
 27774 | Snake:1  | 27774 ||| Stepping ~*~*~tactically~*~*~ (hiding).
 27784 | Snake:1  | 27784 ||| INVOKING Heroism.
 27805 | Snake:1  | 27805 ||| Stepping ~*~*~tactically~*~*~ (hiding).
 27991 | Snake:1  | Found Ywyffaen's Armour Boutique.
 27995 | Snake:1  | Found Ponil's General Store.
 28001 | Snake:1  | 28001 ||| BUYING scroll of teleportation (42 gold).
 28001 | Snake:1  | Bought a scroll of teleportation for 42 gold pieces
 28302 | Snake:1  | 28302 ||| Stepping ~*~*~tactically~*~*~ (hiding).
 28433 | Snake:1  | 28433 ||| Stepping ~*~*~tactically~*~*~ (hiding).
 28434 | Snake:1  | 28434 ||| Stepping ~*~*~tactically~*~*~ (hiding).
 28626 | Snake:2  | 28626 ||| INVOKING Heroism.
 28741 | Snake:2  | 28741 ||| INVOKING Heroism.
 28911 | Snake:2  | 28911 ||| Stepping ~*~*~tactically~*~*~ (hiding).
 28914 | Snake:2  | 28914 ||| INVOKING Heroism.
 28938 | Snake:2  | Received a gift from Okawaru
 28952 | Snake:2  | Identified the +6 arbalest "Koh Oky" {penet, Will+ Int+2
                  | Dex+6}
 28977 | Snake:2  | 28977 ||| INVOKING Heroism.
 29003 | Snake:2  | Received a gift from Okawaru
 29018 | Snake:2  | 29018 ||| INVOKING Heroism.
 29033 | Snake:2  | Received a gift from Okawaru
 29034 | Snake:2  | Reached skill level 18 in Axes
 29037 | Snake:2  | Noticed Vashnia
 29048 | Snake:2  | Reached ****** piety under Okawaru
 29051 | Snake:2  | 29051 ||| INVOKING Heroism.
 29055 | Snake:2  | 29055 ||| Stepping ~*~*~tactically~*~*~ (hiding).
 29077 | Snake:2  | Killed Vashnia
 29078 | Snake:2  | 29078 ||| FLEEEEING.
 29079 | Snake:2  | 29079 ||| FLEEEEING.
 29083 | Snake:2  | 29083 ||| FLEEEEING.
 29084 | Snake:2  | 29084 ||| FLEEEEING.
 29085 | Snake:2  | 29085 ||| FLEEEEING.
 29101 | Snake:2  | 29101 ||| Stepping ~*~*~tactically~*~*~ (hiding).
 29252 | Snake:2  | 29252 ||| Stepping ~*~*~tactically~*~*~ (hiding).
 29260 | Snake:2  | 29260 ||| INVOKING Heroism.
 29266 | Snake:2  | Identified the +2 rapier of Gallantry {freeze, rElec rC++
                  | Will- Stlth+} (Okawaru gifted it to you on level 2 of the
                  | Snake Pit)
 29266 | Snake:2  | Received a gift from Okawaru
 29271 | Snake:2  | 29271 ||| Stepping ~*~*~tactically~*~*~ (hiding).
 29419 | Snake:2  | 29419 ||| Stepping ~*~*~tactically~*~*~ (hiding).
 29447 | Snake:2  | 29447 ||| Stepping ~*~*~tactically~*~*~ (hiding).
 29497 | Snake:2  | Found Axuxt's Antique Weapon Boutique.
 29504 | Snake:2  | 29504 ||| Stepping ~*~*~tactically~*~*~ (hiding).
 29506 | Snake:2  | 29506 ||| Stepping ~*~*~tactically~*~*~ (hiding).
 29515 | Snake:2  | 29515 ||| INVOKING Heroism.
 29519 | Snake:2  | Reached XP level 18. HP: 114/114 MP: 22/25
 29519 | Snake:2  | 29519 ||| DROPPING +0 morningstar.
 29643 | Snake:2  | 29643 ||| Stepping ~*~*~tactically~*~*~ (hiding).
 29644 | Snake:2  | 29644 ||| Stepping ~*~*~tactically~*~*~ (hiding).
 29646 | Snake:2  | 29646 ||| Stepping ~*~*~tactically~*~*~ (hiding).
 29794 | Snake:3  | 29794 ||| INVOKING Heroism.
 29818 | Snake:3  | 29818 ||| INVOKING Heroism.
 29862 | Snake:3  | 29862 ||| Stepping ~*~*~tactically~*~*~ (stealth).
 29863 | Snake:3  | 29863 ||| Stepping ~*~*~tactically~*~*~ (stealth).
 29864 | Snake:3  | 29864 ||| Stepping ~*~*~tactically~*~*~ (stealth).
 29865 | Snake:3  | 29865 ||| Stepping ~*~*~tactically~*~*~ (stealth).
 29867 | Snake:3  | 29867 ||| Stepping ~*~*~tactically~*~*~ (stealth).
 29870 | Snake:3  | 29870 ||| Stepping ~*~*~tactically~*~*~ (stealth).
 29871 | Snake:3  | 29871 ||| Stepping ~*~*~tactically~*~*~ (stealth).
 29904 | Snake:3  | 29904 ||| Stepping ~*~*~tactically~*~*~ (stealth).
 29906 | Snake:3  | 29906 ||| Stepping ~*~*~tactically~*~*~ (stealth).
 29934 | Snake:3  | 29934 ||| Stepping ~*~*~tactically~*~*~ (hiding).
 29946 | Snake:3  | Reached skill level 18 in Shields
 29965 | Snake:3  | 29965 ||| Stepping ~*~*~tactically~*~*~ (stealth).
 30011 | Snake:3  | 30011 ||| Stepping ~*~*~tactically~*~*~ (stealth).
 30066 | Snake:3  | 30066 ||| Stepping ~*~*~tactically~*~*~ (stealth).
 30067 | Snake:3  | 30067 ||| Stepping ~*~*~tactically~*~*~ (stealth).
 30068 | Snake:3  | 30068 ||| Stepping ~*~*~tactically~*~*~ (stealth).
 30075 | Snake:3  | Received a gift from Okawaru
 30109 | Snake:3  | Identified the +9 plate armour of Rotzi {rC+ Str+4 Dex+3
                  | Stlth+}
 30117 | Snake:3  | 30117 ||| Stepping ~*~*~tactically~*~*~ (stealth).
 30119 | Snake:3  | 30119 ||| Stepping ~*~*~tactically~*~*~ (stealth).
 30124 | Snake:3  | 30124 ||| Stepping ~*~*~tactically~*~*~ (stealth).
 30136 | Snake:3  | 30136 ||| Stepping ~*~*~tactically~*~*~ (hiding).
 30156 | Snake:3  | 30156 ||| INVOKING Heroism.
 30164 | Snake:3  | 30164 ||| Stepping ~*~*~tactically~*~*~ (hiding).
 30566 | Snake:3  | 30566 ||| INVOKING Heroism.
 30575 | Snake:3  | Reached skill level 15 in Fighting
 30611 | Snake:3  | 30611 ||| INVOKING Heroism.
 30846 | Snake:3  | 30846 ||| PLANNING SWAMP:4
 30846 | Snake:3  | 30846 ||| DROPPING +0 ice dragon scales.
 30847 | Snake:3  | 30847 ||| DROPPING +1 plate armour of cold resistance.
 30848 | Snake:3  | 30848 ||| UPGRADING to +9 plate armour of Rotzi {rC+ Str+4
                  | Dex+3 Stlth+}.
 30858 | Snake:3  | 30858 ||| DROPPING +8 chain mail of Lust {Dex+2}.
 31080 | Swamp:4  | Entered Level 4 of the Swamp
 31177 | Swamp:4  | 31177 ||| INVOKING Heroism.
 31221 | Swamp:4  | 31221 ||| READING 15 scrolls of teleportation.
 31222 | Swamp:4  | 31222 ||| Stepping randomly (cloudy).
 31224 | Swamp:4  | 31224 ||| INVOKING Heroism.
 31248 | Swamp:4  | 31248 ||| Stepping ~*~*~tactically~*~*~ (hiding).
 31249 | Swamp:4  | 31249 ||| Stepping ~*~*~tactically~*~*~ (hiding).
 31272 | Swamp:4  | 31272 ||| READING 14 scrolls of teleportation.
 31276 | Swamp:4  | Noticed the 27-headed Lernaean hydra
 31279 | Swamp:4  | 31279 ||| INVOKING Heroism.
 31281 | Swamp:4  | HP: 27/119 [the 26-headed Lernaean hydra (3)]
 31282 | Swamp:4  | 31282 ||| READING 13 scrolls of teleportation.
 31282 | Swamp:4  | HP: 12/119 [the 26-headed Lernaean hydra (2)]
 31282 | Swamp:4  | HP: 2/119 [the 26-headed Lernaean hydra (8)]
 31282 | Swamp:4  | Slain by the 26-headed Lernaean hydra

Levels and vault maps discovered:
D:1:      matt_arrival_refuge, layout_rooms
D:2:      layout_basic, basic_altar, chequers_ecumenical_altar_simple_redux
D:3:      cheibrodos_old_hovel, layout_basic, grunt_temple_overflow_diamond,
          serial_shops, shop, minmay_fountain_box, st_stairs_3, uniq_grinder
D:4:      layout_loops_ring, vehumet_altar_wand_db
D:5:      layout_cave_pools, mainiacjoe_overflow_alcove_4, portal_sewer_entry_a,
          nicolae_elevator_lobby_asterisk
D:6:      layout_loops_ring, nicolae_qazlal_eye_of_the_storm,
          minmay_temple_entry_trees
D:7:      layout_basic, uniq_menkaure
D:8:      layout_loops_cross, erik_lair_orcish_takeover, serial_rivers,
          chequers_serial_rivers_micro_e, chequers_serial_rivers_small_b,
          chequers_serial_rivers_room_b, chequers_serial_rivers_large_b,
          chequers_serial_rivers_micro_a, minivault_21
D:9:      layout_loops_ring, enter_bailey_2, nicolae_diode_basic
D:10:     layout_irregular_city, jmf_multi_god_temple2,
          nicolae_ru_sacrificial_ziggurat, zombieorc2_lemuel
D:11:     layout_grid_maze
D:12:     layout_irregular_city, nemelex_xobeh_ov_fountains_minmay
D:13:     layout_grid_maze, drop_trap, minivault_7
D:14:     layout_cave_pools, david_vaults_5, hellmonk_bongcloud_opening,
          serial_glass, glass_columns_b, glass_columns_c,
          minmay_strange_pillars, due_unseen_surprise, uniq_louise, uniq_rupert
D:15:     gammafunk_enter_depths_forms, layout_irregular_city,
          corexii_hall_statues_i, gauntlet_entry_generic, uniq_jorgrun
Temple:   nicolae_temple_bog_church
Lair:1:   layout_cave_pods, portal_ice_cave_entry_ice_simulacra,
          grunt_megastairs_1, lemuel_fruit_tree
Lair:2:   layout_gridlike, guppyfry_snake_entry_island
Lair:3:   layout_small_grid, minmay_swamp_entry_swarm,
          gammafunk_ghost_abyssal_escape
Lair:4:   layout_concentric_octagons, slime_entry_1, serial_bayou_shore_a
Lair:5:   due_jungle_book, layout_regular_city, ebering_ghost_reflecting_pool,
          lookout_lair_type, chequers_serial_rivers_micro_b,
          nicolae_lair_time_for_slime, serial_bayou_shore_b, uniq_sonja
Swamp:1:  layout_basic_swamp, evilmike_swamp_ruin_house_5, swamp_pool1,
          grunt_witch_cave
Swamp:2:  layout_basic_swamp, hangedman_swamp_ruin_wall, swamp_pool4,
          nicolae_swamp_triple_paths
Swamp:3:  layout_falls_marsh, nicolae_swamp_tree_designs
Swamp:4:  swamp_old_school, layout_basic_swamp
Snake:1:  layout_chambers, minmay_shoptagon, uniq_aizul
Snake:2:  nicolae_cobra_stairs, layout_misc_corridors, serial_shops, shop,
          uniq_vashnia
Snake:3:  layout_rooms, nicolae_snake_coiling_death, grunt_megastairs_2
Orc:1:    layout_caves
Orc:2:    grunt_orc_tribal_feast, layout_caves, gammafunk_ghost_split,
          serial_shops, shop_fountains

Skill      XL: |  1  2  3  4  5  6  7  8  9 10 11 12 13 14 15 16 17 18 |
---------------+-------------------------------------------------------+-----
Axes           | 2 3 6 7 9 10 11 12 14 16 17 18 | 18.0
Fighting       | 4 6 7 8 9 10 11 12 13 15 | 15.0
Armour         | 5 6 7 8 9 10 11 12 | 12.6
Shields        | 4 5 6 7 8 10 15 17 18 | 18.3
Dodging        | 1 2 3 5 |  5.0
Invocations    | 4 7 10 | 10.0
Throwing       | 4 5 6 7 |  7.0

Action                   |  1- 3 |  4- 6 |  7- 9 | 10-12 | 13-15 | 16-18 || total
-------------------------+-------+-------+-------+-------+-------+-------++-------
Melee: War axe           |   115 |   170 |   246 |   397 |       |       ||   928
       Morningstar       |       |       |       |     8 |    20 |    31 ||    59
       Broad axe         |       |       |       |     8 |   766 |   863 ||  1637
Throw: Javelin           |       |       |       |   100 |   132 |    89 ||   321
       Boomerang         |       |       |       |       |     4 |    24 ||    28
Invok: Heroism           |       |       |     1 |    26 |    44 |    43 ||   114
       Finesse           |       |       |       |     1 |    14 |     4 ||    19
  Use: Scroll            |     4 |     7 |    10 |     2 |     7 |     3 ||    33
       Potion            |     1 |     3 |     1 |     1 |     1 |     1 ||     8
 Stab: Distracted        |       |       |       |       |    17 |    16 ||    33
       Sleeping          |       |       |       |       |       |     1 ||     1
Armor: Scale mail        |    35 |       |       |       |       |       ||    35
       Chain mail        |    29 |    21 |       |       |       |   236 ||   286
       Plate armour      |       |   102 |   169 |   232 |   330 |   141 ||   974
Dodge: Dodged            |    51 |    53 |    75 |   146 |   322 |   337 ||   984
       Repelled          |       |     2 |     1 |     2 |     8 |    27 ||    40
Block: Buckler           |    24 |    34 |    41 |    83 |   153 |       ||   335
       Tower shield      |       |       |       |       |    43 |   819 ||   862

Table legend:
 A = Non-vault XP
 B = Vault XP
 C = Vault XP percentage of total XP
 D = Non-vault monster count
 E = Vault monster count
 F = Vault count percentage of total count
                 A         B        C        D         E       F
            +---------+---------+-------+---------+---------+-------
      Total |  206266 |   80578 |  28.1 |     737 |     228 |  23.6
            +---------+---------+-------+---------+---------+-------
        D:1 |      51 |       0 |   0.0 |      22 |       0 |   0.0
        D:2 |      58 |       0 |   0.0 |      19 |       0 |   0.0
        D:3 |      59 |     292 |  83.2 |      23 |       5 |  17.9
        D:4 |     183 |       2 |   1.1 |      14 |       1 |   6.7
        D:5 |    1359 |      19 |   1.4 |      19 |       5 |  20.8
        D:6 |     973 |       0 |   0.0 |      19 |       0 |   0.0
        D:7 |     907 |     172 |  15.9 |      27 |       1 |   3.6
        D:8 |    2018 |     589 |  22.6 |      26 |       8 |  23.5
        D:9 |    2453 |       0 |   0.0 |      30 |       0 |   0.0
       D:10 |    2587 |     692 |  21.1 |      12 |      36 |  75.0
       D:11 |    3521 |       0 |   0.0 |      17 |       0 |   0.0
       D:12 |    4643 |       0 |   0.0 |      16 |       0 |   0.0
       D:13 |    8789 |    2122 |  19.4 |      22 |      18 |  45.0
       D:14 |   12592 |    5566 |  30.7 |      33 |       6 |  15.4
       D:15 |    5350 |    8147 |  60.4 |      17 |      10 |  37.0
     Lair:1 |    3611 |     571 |  13.7 |      15 |       3 |  16.7
     Lair:2 |    6916 |     485 |   6.6 |      26 |       3 |  10.3
     Lair:3 |    4296 |    1062 |  19.8 |      17 |       6 |  26.1
     Lair:4 |   10483 |       0 |   0.0 |      31 |       0 |   0.0
     Lair:5 |   17707 |   14437 |  44.9 |      50 |      36 |  41.9
    Swamp:1 |   11289 |    3942 |  25.9 |      22 |       4 |  15.4
    Swamp:2 |   12474 |       0 |   0.0 |      26 |       0 |   0.0
    Swamp:3 |   13418 |       0 |   0.0 |      21 |       0 |   0.0
    Swamp:4 |    5764 |    1118 |  16.2 |      14 |       3 |  17.6
    Snake:1 |   15563 |    1283 |   7.6 |      34 |       1 |   2.9
    Snake:2 |   20195 |   17607 |  46.6 |      36 |      22 |  37.9
    Snake:3 |   24871 |    9884 |  28.4 |      45 |      17 |  27.4
      Orc:1 |    2538 |       0 |   0.0 |      27 |       0 |   0.0
      Orc:2 |    2465 |    7545 |  75.4 |      39 |      30 |  43.5
    Abyss:1 |    9133 |      45 |   0.5 |      18 |       1 |   5.3
      Sewer |       0 |     157 | 100.0 |       0 |       6 | 100.0
   Gauntlet |       0 |    4841 | 100.0 |       0 |       6 | 100.0
            +---------+---------+-------+---------+---------+-------
